 Dungeon Crawl Stone Soup version 0.23.0 (webtiles) character file.

Game seed: 2567989192690356330

11727 doot the Thaumaturge (level 11, -5/76 HPs)
             Began as a Purple Draconian Conjurer on Feb 12, 2019.
             Was an Elder of Vehumet.
             Slain by a cyan ugly thing (16 damage)
             ... on level 12 of the Dungeon.
             The game lasted 00:54:14 (16504 turns).

doot the Thaumaturge (Purple Draconian Conjurer)   Turns: 16504, Time: 00:54:15

Health: -5/76      AC: 14    Str: 10    XL:     11   Next: 53%
Magic:  34/34      EV: 14    Int: 21    God:    Vehumet [****..]
Gold:   763        SH:  0    Dex: 12    Spells: 14/30 levels left

rFire    x . .     SeeInvis .   a - +7 quarterstaff "Sexkub" {elec, +Blink +Inv Int+4}
rCold    + . .     Gourm    .   (shield currently unavailable)
rNeg     . . .     Faith    .   (armour unavailable)
rPois    .         Spirit   .   (helmet restricted)
rElec    .         Reflect  .   N - +2 cloak of Whack-A-Mole {MP+9}
rCorr    .         Harm     .   H - +2 pair of gloves
MR       +....                  f - +0 pair of boots
Stlth    +.........             z - amulet of rage
HPRegen  0.22/turn              y - ring of ice
MPRegen  0.24/turn              u - ring of flight

@: confused, very slightly contaminated, invisible
A: breathe power, unfitting armour, hooves 1, dopey 1, frail 1, cold-blooded, AC
+7
a: Breathe Dispelling Energy, Renounce Religion, Evoke Blink, Evoke Berserk
Rage, Evoke Flight


You were on level 12 of the Dungeon.
You worshipped Vehumet.
Vehumet was greatly pleased with you.
You were hungry.

You visited 2 branches of the dungeon, and saw 13 of its levels.
You also visited: Bailey.

You collected 763 gold pieces.

Inventory:

Hand Weapons
 a - the +7 quarterstaff "Sexkub" (weapon) {elec, +Blink +Inv Int+4}
   (You found it on level 9 of the Dungeon)

   Occasionally, upon striking a foe, it will discharge some electrical energy
   and cause terrible harm.
   It affects your intelligence (+4).
   It lets you turn invisible.
   It lets you blink.
 d - a +0 mace
 x - a +0 whip of freezing
 C - a +0 battleaxe
 O - a +5 battleaxe of freezing
Missiles
 p - 5 curare-tipped needles
 t - a throwing net (quivered)
Armour
 f - a +0 pair of boots (worn)
 H - a +2 pair of gloves (worn)
 N - the +2 cloak of Whack-A-Mole (worn) {MP+9}
   (You found it in a bailey)

   It affects your magic capacity (+9).
Magical Staves
 b - an uncursed staff of air
Jewellery
 e - an uncursed amulet of the gourmand
 g - a +3 ring of evasion
 h - a +2 ring of evasion
 u - a ring of flight (right hand)
 y - a ring of ice (left hand)
 z - an amulet of rage (around neck)
Wands
 o - a wand of paralysis (11)
 q - a wand of disintegration (18)
 F - a wand of enslavement (9)
 I - a wand of digging (6)
 Q - a wand of random effects (12)
Scrolls
 c - 2 scrolls of fear {unknown}
 j - a scroll of silence {unknown}
 k - 2 scrolls of magic mapping {unknown}
 l - 3 scrolls of teleportation {unknown}
 m - a scroll of noise {unknown}
 s - 9 scrolls of remove curse
 v - 3 scrolls of enchant weapon
 w - a scroll of fog {unknown}
 B - 4 scrolls of immolation {unknown}
 E - 2 scrolls of enchant armour {unknown}
 K - a scroll of amnesia {unknown}
 L - 2 scrolls of blinking {unknown}
Potions
 i - 4 potions of flight
 r - 3 potions of curing
 D - a potion of ambrosia
 G - 2 potions of brilliance
 J - 2 potions of might
 M - 2 potions of berserk rage
 P - a potion of heal wounds
Comestibles
 A - 17 rations


   Skills:
 + Level 4.6 Fighting
 + Level 4.2(4.7) Axes
 + Level 3.1(5.0) Maces & Flails
 + Level 4.3(4.8) Staves
 + Level 5.3 Dodging
 + Level 5.0 Stealth
 + Level 10.4 Spellcasting
 + Level 10.1 Conjurations
 + Level 4.5 Hexes
 + Level 0.6 Fire Magic
 + Level 3.8 Ice Magic
 + Level 0.3 Air Magic
 + Level 3.1 Evocations


You had 14 spell levels left.
You knew the following spells:

 Your Spells              Type           Power        Failure   Level  Hunger
a - Magic Dart            Conj           ####         1%          1    None
b - Searing Ray           Conj           ######       1%          2    None
c - Fulminant Prism       Conj/Hex       #####.....   1%          4    ##.....
d - Throw Flame           Conj/Fire      ####..       1%          2    None
e - Throw Frost           Conj/Ice       ######       1%          2    None
f - Lightning Bolt        Conj/Air       ####......   5%          5    ####...

Your spell library contained the following spells:

 Spells                   Type           Power        Failure   Level  Hunger
 Confusing Touch          Hex            ####..       1%          1    None
 Dazzling Spray           Conj/Hex       #####.       1%          3    None
 Iskenderun's Mystic Bla  Conj           ######..     1%          4    ##.....
 Force Lance              Conj/Tloc      ####....     2%          4    ##.....
 Confuse                  Hex            ####....     3%          3    None
 Beastly Appendage        Tmut           ##....       6%          1    None
 Irradiate                Conj/Tmut      ####......   6%          5    ####...
 Sticks to Snakes         Tmut           ##......     10%         2    None
 Yara's Violent Unravell  Hex/Tmut       ###.......   17%         5    ####...
 Gell's Gravitas          Tloc           ##........   19%         3    None
 Spider Form              Tmut/Pois      ##........   19%         3    None
 Ice Form                 Ice/Tmut       ####....     28%         4    ##.....
 Metabolic Englaciation   Hex/Ice        #####.....   30%         5    ####...
 Petrify                  Tmut/Erth      ##......     52%         4    ##.....
 Blade Hands              Tmut           ##........   86%         5    ####...
 Hydra Form               Tmut           ##........   100%        6    ######.
 Statue Form              Tmut/Erth      ##.......    100%        6    ######.
 Dragon Form              Tmut           ##........   100%        7    #######


Dungeon Overview and Level Annotations

Branches:
Dungeon (12/15)            Temple (1/1) D:5            Lair (0/6) D:9
    Orc: D:9-12

Altars:
Ashenzari
Cheibriados
Dithmenos
Elyvilon
Fedhas
Gozag
Hepliaklqana
Kikubaaqudgha
Makhleb
Nemelex Xobeh
Okawaru
Qazlal
Ru
Sif Muna
Trog
Uskayaw
Vehumet
Wu Jian
Xom
Yredelemnul
Zin
The Shining One

Shops:
D:10 !

Annotations:
D:4 1 runed translucent door, Kairos's ghost, novice VSFi
D:5 Edmund


Innate Abilities, Weirdness & Mutations

You can breathe bolts of dispelling energy.
Your rich purple scales are hard. (AC +7)
You cannot fit into any form of body armour.
You are cold-blooded and may be slowed by cold attacks.
You have large cloven feet.
You are dopey. (Int -2)
You are frail. (-10% HP)


Message History

You are very lightly contaminated with residual magic.
You feel quite a bit more hungry. The cyan ugly thing pecks you.
The cyan ugly thing shocks you!
There is an open door here.
You thump the cyan ugly thing!
The cyan ugly thing is heavily wounded.
The cyan ugly thing closely misses you.
You hit the cyan ugly thing.
The cyan ugly thing is heavily wounded.
The cyan ugly thing pecks you. The cyan ugly thing shocks you!
* * * LOW HITPOINT WARNING * * *
A kobold comes into view.
You are confused.
You feel invigorated.
You are feeling hungry.
The cyan ugly thing pecks you but does no damage.
You bump into the rock wall.
The cyan ugly thing pecks you.
* * * LOW HITPOINT WARNING * * *
The cyan ugly thing shocks you!
You die...

######### #### #..^....###
########## #...
#......รท'.#####........# #...
#...u...#..)Ku@........#####...
###K......#######........'...#...
#.'.......# #........###.'...
#.#.......# #........# ###...
..###'##### ##+####### #... ###
#.# #... #.. #### ##'# #. ## ##.


You could see a cyan ugly thing and a big kobold.

Vanquished Creatures
  2 two-headed ogres
  Pikel (D:4)
  3 orc knights (Bailey)
  An ugly thing (D:11)
  A cyclops (D:12)
  A kobold demonologist (D:12)
  Grinder (D:6)
  3 trolls
  Prince Ribbit (D:7)
  A hippogriff (D:11)
  A spriggan (D:7)
  A wyvern (D:8)
  6 yaks (D:11)
  Grum (D:10)
  2 hungry ghosts
  A steam dragon (D:11)
  Menkaure (D:6)
  An acid dragon (D:11)
  Duvessa (D:5)
  A sky beast (D:7)
  2 ice beasts
  4 orc warriors
  A slave (D:4)
  2 black bears
  2 phantoms
  3 ogres
  5 centaurs
  3 wolves (D:10)
  A big kobold (D:12)
  7 bullfrogs
  A wyvern zombie (D:11)
  2 wyvern skeletons
  A water moccasin skeleton (D:8)
  6 scorpions
  Dowan (D:5)
  8 wights
  A centaur zombie (D:10)
  A howler monkey (D:8)
  3 crimson imps
  5 jellies
  A bullfrog zombie (D:7)
  A quasit (D:12)
  4 orc priests
  2 hounds
  Ijyb (D:3)
  Natasha (twice) (D:4)
  4 iguanas
  5 orc wizards
  3 worker ants
  A hound zombie (D:10)
  A worker ant zombie (D:5)
  6 gnolls
  A howler monkey skeleton (D:5)
  A howler monkey zombie (D:9)
  12 adders
  A shadow imp (D:9)
  An ooze (D:2)
  2 adder zombies
  2 dart slugs
  3 leopard geckos
  31 orcs
  3 ball pythons
  4 bats
  3 giant cockroaches
  11 goblins
  10 hobgoblins
  9 jackals
  9 kobolds
  6 quokkas
  4 frilled lizards
  2 rats
236 creatures vanquished.

Vanquished Creatures (others)
  2 slaves (D:4)
  37 fulminant prisms
39 creatures vanquished.

Grand Total: 275 creatures vanquished

Notes
Turn   | Place    | Note
-------+----------+-------------------------------------------
     0 | D:1      | doot the Draconian Conjurer began the quest for the Orb.
     0 | D:1      | Reached XP level 1. HP: 14/14 MP: 3/3
   238 | D:1      | Reached XP level 2. HP: 13/20 MP: 5/5
   664 | D:2      | Learned a level 2 spell: Searing Ray
   869 | D:3      | Reached XP level 3. HP: 26/26 MP: 1/6
  1059 | D:3      | Noticed Ijyb
  1352 | D:3      | Killed Ijyb
  1352 | D:3      | Reached skill level 5 in Conjurations
  1352 | D:3      | Reached XP level 4. HP: 27/33 MP: 0/7
  1448 | D:3      | Found a blossoming altar of Fedhas.
  1751 | D:4      | Reached skill level 1 in Maces & Flails
  1867 | D:4      | Reached XP level 5. HP: 33/39 MP: 0/8
  1973 | D:4      | Noticed Pikel
  1973 | D:4      | Noticed a slave
  1973 | D:4      | Noticed a slave
  1995 | D:5      | Entered Level 5 of the Dungeon
  2117 | D:5      | Learned a level 4 spell: Fulminant Prism
  2208 | D:5      | Noticed Edmund
  2209 | D:5      | Reached skill level 1 in Fighting
  2389 | D:5      | Found a staircase to the Ecumenical Temple.
  2419 | Temple   | Entered the Ecumenical Temple
  2574 | Temple   | Became a worshipper of Vehumet
  2637 | D:5      | Noticed an ogre
  2718 | D:5      | Killed an ogre
  2718 | D:5      | Reached XP level 6. HP: 20/47 MP: 3/10
  2924 | D:5      | Noticed Duvessa
  3969 | D:2      | Reached * piety under Vehumet
  3969 | D:2      | Offered knowledge of Shock by Vehumet.
  4867 | D:4      | Killed a slave
  5023 | D:4      | Noticed a slave
  5028 | D:4      | Noticed a slave
  5031 | D:4      | Gained mutation: You have large cloven feet. [mutagenic
                  | glow]
  5037 | D:4      | Killed Pikel
  5037 | D:4      | Your scales start taking on a rich purple colour.
  5037 | D:4      | Reached skill level 5 in Spellcasting
  5037 | D:4      | Reached XP level 7. HP: 36/52 MP: 1/14
  5064 | D:4      | Gained mutation: You are frail. (-10% HP) [mutagenic glow]
  5516 | D:4      | Found a runed translucent door.
  5531 | D:4      | Noticed Kairos's ghost (novice VSFi)
  5563 | D:4      | Noticed Natasha
  5572 | D:4      | Killed Natasha
  5773 | D:4      | Noticed Natasha
  5779 | D:4      | Killed Natasha
  6618 | D:5      | Noticed Dowan
  6635 | D:5      | Killed Dowan
  6765 | D:5      | Killed Duvessa
  6765 | D:5      | Reached skill level 1 in Hexes
  6765 | D:5      | Reached XP level 8. HP: 31/54 MP: 7/16
  6965 | D:6      | Noticed Grinder
  7311 | D:6      | Killed Grinder
  7311 | D:6      | Reached skill level 1 in Axes
  7857 | D:6      | Found a hazy altar of Hepliaklqana.
  7886 | D:6      | Noticed Menkaure
  8084 | D:6      | Killed Menkaure
  8979 | D:7      | Noticed Prince Ribbit
  9107 | D:7      | Killed Prince Ribbit
  9107 | D:7      | Reached XP level 9. HP: 30/61 MP: 8/19
  9460 | D:7      | Reached ** piety under Vehumet
  9634 | D:7      | Offered knowledge of Throw Flame by Vehumet.
  9688 | D:7      | Learned a level 2 spell: Throw Flame
  9734 | D:7      | Found a sacrificial altar of Ru.
 10545 | D:8      | You fall through a shaft!
 10619 | D:9      | Found a staircase to the Lair.
 10806 | D:9      | Offered knowledge of Throw Frost by Vehumet.
 11316 | D:9      | Got a shimmering quarterstaff
 11317 | D:9      | Identified the +7 quarterstaff "Sexkub" {elec, +Blink +Inv
                  | Int+4} (You found it on level 9 of the Dungeon)
 11766 | D:10     | Entered Level 10 of the Dungeon
 11787 | D:10     | Reached *** piety under Vehumet
 11813 | D:10     | Reached XP level 10. HP: 48/69 MP: 10/22
 11829 | D:10     | Noticed Grum
 11832 | D:10     | Reached skill level 1 in Staves
 11837 | D:10     | Killed Grum
 11981 | D:10     | Learned a level 2 spell: Throw Frost
 12090 | D:10     | Found Aquitsom's Distillery.
 12132 | D:10     | Offered knowledge of Stone Arrow by Vehumet.
 12248 | D:10     | Found a flagged portal.
 12268 | Bailey   | Entered a bailey
 12643 | Bailey   | Noticed an orc knight
 12846 | Bailey   | Noticed an orc knight
 12846 | Bailey   | Identified the +12 plate armour of the Skies Above {+Blink
                  | +Fly rF- Int+5}
 12847 | Bailey   | Noticed an orc knight
 13107 | Bailey   | Gained mutation: You are dopey. (Int -2) [mutagenic glow]
 13763 | Bailey   | Killed an orc knight
 13763 | Bailey   | Reached skill level 1 in Ice Magic
 13763 | Bailey   | Reached skill level 1 in Evocations
 14065 | Bailey   | Killed an orc knight
 14185 | Bailey   | Killed an orc knight
 14358 | Bailey   | Got a heavily runed cloak
 14364 | Bailey   | Identified the +2 cloak of Whack-A-Mole {MP+9} (You found
                  | it in a bailey)
 14508 | D:10     | Noticed a two-headed ogre
 14532 | D:10     | Killed a two-headed ogre
 15041 | D:11     | Noticed a cyan ugly thing
 15041 | D:11     | Noticed a two-headed ogre
 15118 | D:11     | Reached XP level 11. HP: 68/74 MP: 24/24
 15142 | D:11     | Reached **** piety under Vehumet
 15142 | D:11     | Reached skill level 5 in Dodging
 15272 | D:11     | Reached skill level 10 in Spellcasting
 15521 | D:11     | Killed a two-headed ogre
 15561 | D:11     | Noticed a cyan ugly thing
 15572 | D:11     | Killed a cyan ugly thing
 15695 | D:11     | Offered knowledge of Lightning Bolt by Vehumet.
 15703 | D:11     | Learned a level 5 spell: Lightning Bolt
 15730 | D:11     | Reached skill level 10 in Conjurations
 15921 | D:11     | Noticed a cyan ugly thing
 15929 | D:11     | You fall through a shaft!
 16075 | D:12     | Noticed a cyan ugly thing
 16321 | D:12     | Reached skill level 5 in Stealth
 16479 | D:12     | Noticed a cyan ugly thing
 16504 | D:12     | Slain by a cyan ugly thing

Skill      XL: |  1  2  3  4  5  6  7  8  9 10 11 |
---------------+----------------------------------+-----
Dodging        | 2 3 4 5 |  5.3
Conjurations   | 5 6 7 8 9 10 | 10.1
Stealth        | 2 3 4 5 |  5.0
Maces & Flails | 1 2 3 |  3.1
Fighting       | 1 2 3 4 |  4.6
Spellcasting   | 3 5 6 8 9 10 | 10.4
Hexes          | 1 2 4 |  4.5
Axes           | 2 4 |  4.2
Staves         | 2 4 |  4.3
Ice Magic      | 3 |  3.8
Evocations     | 3 |  3.1
Fire Magic     | |  0.6
Air Magic      | |  0.3

Action                   |  1- 3 |  4- 6 |  7- 9 | 10-12 || total
-------------------------+-------+-------+-------+-------++-------
Melee: Mace              |    18 |    26 |       |       ||    44
       Unarmed           |     2 |       |       |       ||     2
       Tailslap          |     4 |     2 |     9 |     8 ||    23
       Whip              |       |       |    16 |       ||    16
       Battleaxe         |       |       |    57 |       ||    57
       Quarterstaff      |       |       |    21 |    87 ||   108
 Cast: Magic Dart        |    33 |    51 |    79 |    21 ||   184
       Searing Ray       |     4 |    22 |    45 |    49 ||   120
       Fulminant Prism   |       |     5 |    22 |    10 ||    37
       Throw Flame       |       |       |    15 |     5 ||    20
       Throw Frost       |       |       |       |    73 ||    73
       Lightning Bolt    |       |       |       |     7 ||     7
 Abil: Breathe Dispellin |       |       |     8 |     1 ||     9
       Evoke Invisibilit |       |       |       |     4 ||     4
       Evoke Flight      |       |       |       |     2 ||     2
Evoke: Wand              |       |       |     1 |       ||     1
  Use: Potion            |       |       |     4 |     5 ||     9
       Scroll            |       |       |     8 |     2 ||    10
 Stab: Sleeping          |       |     1 |     2 |     3 ||     6
       Paralysed         |       |       |     1 |       ||     1
  Eat: Chunk             |     6 |    20 |    22 |    20 ||    68
       Ration            |       |       |       |     1 ||     1
Armor: Skin              |    13 |    17 |    40 |    40 ||   110
Dodge: Dodged            |    28 |    27 |   124 |   114 ||   293
